 Dungeon Crawl Stone Soup version 0.28.0-53-g5a82cb258f (webtiles) character file.

Game seed: 15876882977536689767

668 jiml777 the Digger (level 7, -4/39 HPs)
             Began as a Gargoyle Earth Elementalist on June 13, 2022.
             Shot with an arrow by a centaur (8 damage)
             ... on level 5 of the Dungeon.
             The game lasted 00:14:26 (3753 turns).

jiml777 the Digger (Gargoyle Earth Elementalist)    Turns: 3753, Time: 00:14:27

Health: -4/39      AC:  8    Str: 17    XL:     7   Next: 58%
Magic:  13/13      EV: 12    Int: 18    God:
Gold:   121        SH:  0    Dex: 12    Spells: 13/14 levels left

rFire   . . .      SeeInvis .   j - +1 whip (drain)
rCold   . . .      Faith    .   (no shield)
rNeg    + . .      Spirit   .   h - +1 leather armour
rPois   ∞          Reflect  .   (helmet restricted)
rElec   +          Harm     .   (no cloak)
rCorr   .          Rampage  .   (no gloves)
Will    .....                   (no boots)
Stlth   ++........              (no amulet)
HPRegen 0.93/turn               i - +6 ring of strength
MPRegen 0.13/turn               (no ring)

@: about to teleport, flying
A: sickness immunity, AC +4, negative energy resistance 1, electricity
resistance, torment resistance 1, petrification resistance, antennae 1, big
wings, agile 1, regeneration 1
a: no special abilities


You were on level 5 of the Dungeon.
You visited 1 branch of the dungeon, and saw 5 of its levels.

You collected 121 gold pieces.

Inventory:

Hand Weapons
 f - a +0 vorpal dagger
 j - a +1 whip of draining (weapon)
 n - a +0 rapier
 p - the +7 hand axe of the Seven Places {spect, rPois rF+++ Will++ Int-4}
   (You found it on level 5 of the Dungeon)

   When its wielder attacks, the weapon's spirit leaps out and strikes again.
   The spirit shares a part of any damage it takes with its wielder.
   Int:       It affects your intelligence (-4).
   rF:        It renders you almost immune to fire.
   rPois:     It protects you from poison.
   Will:      It greatly increases your willpower.
Missiles
 c - 69 stones
 d - 25 arrows
 g - 6 poisoned darts
 m - 19 sling bullets
 q - 6 curare-tipped darts
Armour
 b - a +0 robe
 h - a +1 leather armour (worn)
Jewellery
 i - a +6 ring of strength (left hand)
Scrolls
 e - a scroll of teleportation
Potions
 a - 3 potions of resistance
 l - a potion of invisibility
 o - a potion of berserk rage


   Skills:
 + Level 1.8 Fighting
 + Level 0.9 Short Blades
 + Level 1.7 Maces & Flails
 + Level 1.1 Armour
 + Level 3.0 Dodging
 + Level 2.9 Stealth
 + Level 4.4 Spellcasting
 + Level 0.8 Transmutations
 + Level 6.3 Earth Magic


You had 13 spell levels left.
You knew the following spells:

 Your Spells              Type           Power      Damage    Failure   Level
a - Sandblast             Erth           52%        2d12      1%          1

Your spell library contained the following spells:

 Spells                   Type           Power      Damage    Failure   Level
 Passwall                 Tmut/Erth      14%        N/A       6%          2
 Stone Arrow              Conj/Erth      30%        3d8       14%         3
 Magic Dart               Conj           16%        1d3       17%         1
 Searing Ray              Conj           8%         2d4       26%         2
 Petrify                  Tmut/Erth      17%        N/A       36%         4
 Borgnjor's Vile Clutch   Necr/Erth      7%         N/A       77%         5
 Fulminant Prism          Conj/Hex       2%         3d6       86%         4
 Alistair's Intoxication  Tmut/Pois      3%         N/A       98%         5
 Eringya's Noxious Bog    Tmut/Pois      2%         N/A       100%        6


Dungeon Overview and Level Annotations

Branches:
Dungeon (5/15)
 Temple: D:4-7

Altars:
Fedhas
Trog


Innate Abilities, Weirdness & Mutations

You are immune to sickness and miasma.
Your stone body is resilient. (AC +4)
You are immune to poison.
You resist negative energy. (rN+)
You are resistant to electric shocks. (rElec)
You are resistant to unholy torment.
You are immune to petrification.
You have a pair of small antennae on your head.
Your large and strong wings let you fly.
You are agile. (Dex +2)
Your natural rate of healing is unusually fast.


Message History

c - 69 stones (gained 23)
A centaur and an ogre come into view.
The centaur shouts!
A centaur comes into view.
The centaur wields a +0 shortbow.
The centaur shoots an arrow.
The arrow hits you!
The centaur shoots an arrow.
The arrow hits you.
The centaur shoots an arrow.
The arrow hits you but does no damage.
You hear a shout!
The centaur shoots an arrow.
The arrow hits you.
You start resting.
A centaur is nearby!
The centaur wields a +1 shortbow of freezing.
It is covered in frost.
The centaur shoots an arrow.
The arrow hits you! The arrow freezes you.
* * * LOW HITPOINT WARNING * * *
The centaur shoots an arrow.
The arrow hits you but does no damage.
The centaur shoots an arrow.
The arrow hits you.
* * * LOW HITPOINT WARNING * * *
The arrow freezes you.
* * * LOW HITPOINT WARNING * * *
The centaur shoots an arrow.
The arrow misses you.
You hear a shout!
It was a potion of mutation.
You feel extremely strange.
You begin to heal more quickly.
Your wings grow larger and stronger.
A pair of antennae grows on your head!
You feel agile.
The centaur shoots an arrow.
The arrow closely misses you.
The centaur shoots an arrow.
The arrow barely misses you.
The centaur shoots an arrow.
The arrow misses you.
The centaur shoots an arrow.
The arrow barely misses you.
As you read the scroll of teleportation, it crumbles to dust.
You feel strangely unstable.
The centaur shoots an arrow.
The arrow closely misses you.
The centaur shoots an arrow.
The arrow hits you but does no damage.
The centaur shoots an arrow.
The arrow hits you.
* * * LOW HITPOINT WARNING * * *
The arrow freezes you.
* * * LOW HITPOINT WARNING * * *
The centaur shoots an arrow.
The arrow hits you!
You die...

### #####.# ##.##..##
#..##...## ##...#....##
##......#...##
####............#
####.......@.......#
##.....c.##.####...###
#...........##.##....#
....#..........).#..##
..###................######
c..#.##...............#.......#
.........c###.......#####.....#
......c.####........#.##......#
.........
#.......<.......#...##


You could see 2 centaurs.

Vanquished Creatures
  An ice beast (D:5)
  A black bear (D:5)
  2 ogres (D:5)
  A centaur (D:5)
  2 orc priests (D:2)
  A bullfrog skeleton (D:4)
  2 orc wizards (D:4)
  A hound zombie (D:5)
  2 adders
  2 worms
  A dart slug (D:2)
  6 orcs
  6 ball pythons
  4 endoplasms
  A giant cockroach (D:1)
  6 goblins
  5 hobgoblins (D:1)
  11 jackals
  4 kobolds
  3 bats
  4 rats
66 creatures vanquished.

Vanquished Creatures (others)
  An orc wizard (D:4)
1 creature vanquished.

Grand Total: 67 creatures vanquished

Notes
Turn   | Place    | Note
-------+----------+-------------------------------------------
     0 | D:1      | jiml777 the Gargoyle Earth Elementalist began the quest for
                  | the Orb.
     0 | D:1      | Reached XP level 1. HP: 10/10 MP: 3/3
    59 | D:1      | Reached skill level 4 in Earth Magic
   102 | D:1      | Reached XP level 2. HP: 15/15 MP: 0/5
   843 | D:1      | Reached XP level 3. HP: 19/19 MP: 4/6
  1520 | D:2      | Reached XP level 4. HP: 22/24 MP: 1/8
  1858 | D:2      | Reached XP level 5. HP: 28/28 MP: 7/9
  2443 | D:3      | You fall into a shaft and drop 1 floor!
  2453 | D:4      | Reached skill level 1 in Fighting
  2647 | D:4      | Reached skill level 5 in Earth Magic
  2749 | D:4      | Reached XP level 6. HP: 18/34 MP: 11/11
  3010 | D:5      | Entered Level 5 of the Dungeon
  3148 | D:5      | Noticed an ice beast
  3176 | D:5      | Killed an ice beast
  3177 | D:5      | Reached skill level 1 in Maces & Flails
  3268 | D:5      | Found a large runed translucent door.
  3270 | D:5      | Found a large runed translucent door.
  3292 | D:5      | Noticed a black bear
  3320 | D:5      | Killed a black bear
  3321 | D:5      | Reached XP level 7. HP: 6/38 MP: 13/13
  3324 | D:5      | Reached skill level 6 in Earth Magic
  3615 | D:5      | Found a bloodstained altar of Trog.
  3625 | D:5      | Found a blossoming altar of Fedhas.
  3635 | D:5      | Reached skill level 1 in Armour
  3702 | D:5      | Identified the +7 hand axe of the Seven Places {spect,
                  | rPois rF+++ Will++ Int-4}
  3751 | D:5      | Gained mutation: Your natural rate of healing is unusually
                  | fast. [potion of mutation]
  3751 | D:5      | Gained mutation: Your large and strong wings let you fly.
                  | [potion of mutation]
  3751 | D:5      | Gained mutation: You have a pair of small antennae on your
                  | head. [potion of mutation]
  3751 | D:5      | Gained mutation: You are agile. (Dex +2) [potion of
                  | mutation]
  3753 | D:5      | Shot with an arrow by a centaur

Illustrated notes

Levels and vault maps discovered:
D:1:      saegor_arrival_simple_a, layout_rooms
D:2:      layout_basic
D:3:      minmay_chambers_of_threes, layout_basic,
          dilly_ecumenical_altar_fadedgnrine, serial_shops,
          nicolae_shop_bloodbath_and_beyond, minmay_strange_pillars
D:4:      gammafunk_cloud_chamber, layout_basic
D:5:      layout_cave_pools, grunt_temple_overflow_diamond,
          jmf_multi_god_temple2, uniq_eustachio

Skill      XL: |  1  2  3  4  5  6  7 |
---------------+----------------------+-----
Earth Magic    | 4 5 6 |  6.3
Dodging        | 2 3 |  3.0
Spellcasting   | 3 4 |  4.4
Fighting       | 1 |  1.8
Maces & Flails | 1 |  1.7
Armour         | 1 |  1.1
Short Blades   | |  0.9
Stealth        | |  2.9
Transmutations | |  0.8

Action                   |  1- 3 |  4- 6 |  7- 9 || total
-------------------------+-------+-------+-------++-------
Melee: Dagger            |    74 |     7 |       ||    81
       Punch             |     2 |       |       ||     2
       Whip              |       |    66 |     5 ||    71
 Cast: Sandblast         |    35 |    30 |     7 ||    72
  Use: Scroll            |       |     8 |     1 ||     9
       Potion            |       |     1 |     1 ||     2
 Stab: Sleeping          |       |     1 |       ||     1
Armor: Robe              |    27 |    28 |       ||    55
       Leather armour    |       |     6 |     5 ||    11
Dodge: Dodged            |    46 |    54 |    13 ||   113
